 Dungeon Crawl Stone Soup version 0.26-a0-412-ga3d1f51b80 (webtiles) character file.

Game seed: 14202876148140320594

(classic levelgen) 9 EnegeticOcto the Skirmisher (level 2, 29/29 HPs)
             Began as a Troll Fighter on July 24, 2020.
             Quit the game on level 1 of the Dungeon.
             The game lasted 00:01:07 (209 turns).

EnegeticOcto the Skirmisher (Troll Fighter)          Turns: 209, Time: 00:01:07

Health: 29/29      AC:  6    Str: 23    XL:     2   Next: 3%
Magic:  1/1        EV:  8    Int:  4    God:
Gold:   9          SH:  8    Dex:  9    Spells: 1/1 levels left

rFire    . . .     SeeInvis .     - Unarmed
rCold    . . .     Faith    .   b - +0 kite shield
rNeg     . . .     Spirit   .   a - +0 robe
rPois    .         Reflect  .   (helmet restricted)
rElec    .         Harm     .   (no cloak)
rCorr    .                      (gloves unavailable)
MR       .....                  (boots unavailable)
Stlth    +.........             (no amulet)
HPRegen  0.49/turn              (no ring)
MPRegen  0.07/turn              (no ring)

@: no status effects
A: large, unfitting armour, claws 3, regeneration 1, shaggy fur 1, tough skin 3
a: no special abilities


You were on level 1 of the Dungeon.
You visited 1 branch of the dungeon, and saw 1 of its levels.

You collected 9 gold pieces.

Inventory:

Armour
 a - a +0 robe (worn)
 b - a +0 kite shield (worn)
Scrolls
 d - a scroll of random uselessness {unknown}
 e - a scroll of enchant armour {unknown}
 f - a scroll of remove curse {unknown}
 h - a scroll of identify {unknown}
Potions
 c - a potion of might {@q3 !q}
 g - a potion of heal wounds {unknown}


   Skills:
 + Level 2.7 Fighting
 - Level 2.4 Dodging
 - Level 2.4 Shields
 + Level 2.4 Unarmed Combat


You had one spell level left.
You didn't know any spells.
Your spell library was empty.

Dungeon Overview and Level Annotations

Branches:
Dungeon (1/15)

Altars:


Innate Abilities, Weirdness & Mutations

You are too large for most types of armour.
You have claws for hands.
Your natural rate of healing is unusually fast.
You are covered in fur. (AC +1)
You have extremely tough skin. (AC +3)


Message History

You kill the bat!
You scratch the rat but do no damage. You block the rat's attack.
You closely miss the rat. The rat bites you but does no damage.
Your shield prevents you from hitting the rat.
The frilled lizard bites you but does no damage.
The rat bites you but does no damage.
You scratch the rat but do no damage.
The frilled lizard bites you but does no damage.
The rat barely misses you.
You scratch the rat.
The rat is heavily wounded.
The rat bites you but does no damage. You block the frilled lizard's attack.
You scratch the rat.
You kill the rat!
The frilled lizard bites you but does no damage.
You miss the frilled lizard.
The frilled lizard bites you but does no damage.
You miss the frilled lizard. You block the frilled lizard's attack.
You barely miss the frilled lizard. You block the frilled lizard's attack.
You scratch the frilled lizard.
The frilled lizard is heavily wounded.
The frilled lizard closely misses you.
You closely miss the frilled lizard.
The frilled lizard is heavily wounded.
The frilled lizard barely misses you.
Unknown command.
You claw the frilled lizard!
You kill the frilled lizard!
No target in view!
No target in view!
No target in view!
No target in view!
No target in view!
No target in view!
No target in view!
A kobold comes into view. It is wielding a +0 dagger.
Found 7 gold pieces.
The kobold shouts!
You hear a shout! x2
A kobold comes into view.
Found 12 gold pieces.
You open the door.
A goblin comes into view. It is wielding a +0 dagger.
There is an open door here.
As you open the door, it creaks loudly!
You hear a shout!
You block the goblin's attack.
A goblin comes into view.
The goblin shouts!
There is an open door here.
There is an open door here.
You scratch the goblin.
The goblin is heavily wounded.
The kobold hits you but does no damage. The goblin hits you but does no damage.
You barely miss the goblin.
The goblin is heavily wounded.
You block the kobold's attack. The goblin hits you.
You claw the goblin!
You kill the goblin!
The kobold hits you with a +0 dagger.
You closely miss the kobold. You block the kobold's attack.
You scratch the kobold.
You kill the kobold!
You closely miss the goblin. You block the goblin's attack.
You claw the goblin!
You kill the goblin!
The kobold throws a stone.
You block the stone. You block the kobold's attack.
Things that are here:
a +0 dagger; a +0 dagger; a goblin corpse You closely miss the kobold.
The kobold hits you but does no damage.
Things that are here:
a +0 dagger; a +0 dagger; a goblin corpse You claw the kobold!
You kill the kobold!
You have reached level 2!
Things that are here:
a +0 dagger; a +0 dagger; a goblin corpse No target in view!
No target in view!
No target in view!
A goblin comes into view.
You closely miss the goblin. The goblin hits you but does no damage.
You closely miss the goblin. The goblin hits you but does no damage.
You scratch the goblin.
You kill the goblin!
No target in view!
No target in view!
No target in view!
No target in view!
No target in view!
No target in view!
No target in view!
You open the door.
There is an open door here.
You open the door.
A leopard gecko comes into view.
There is an open door here.
The leopard gecko hisses angrily.
A kobold comes into view. It is wielding a +0 short sword.
Found a stone staircase leading down.
Are you sure you want to abandon this character and quit the game? (Confirm with "yes".)

######.## #.# #.# #
##'## #K ##...## #..
##.....## # #..l
##.......## ##
###...####.........####.
.......@.'.........()...
###...#.##.........####.
#.. #.###.......## #. #.
#.# ##.....## #. .. #.#
##...## #. #. #.# ##'##
#. . ..# #.# #. ### #.#
#. ##.## #.


You could see a leopard gecko and a kobold (wandering).

Vanquished Creatures
  4 goblins (D:1)
  2 bats (D:1)
  A frilled lizard (D:1)
  2 kobolds (D:1)
  2 rats (D:1)
11 creatures vanquished.

Notes
Turn   | Place    | Note
-------+----------+-------------------------------------------
     0 | D:1      | EnegeticOcto the Troll Fighter began the quest for the Orb.
     0 | D:1      | Reached XP level 1. HP: 22/22 MP: 0/0
   167 | D:1      | Reached XP level 2. HP: 29/29 MP: 1/1
   209 | D:1      | Quit the game

Illustrated notes

Levels and vault maps discovered:
D:1:      matt_arrival_diagonals, layout_loops_corners, st_stairs_10

Action                   || total
-------------------------++-------
Melee: Unarmed           ||    31
Armor: Robe              ||    16
Dodge: Dodged            ||     7
Block: Kite shield       ||    19

Table legend: (Time is in decaauts)
 A = Elapsed time spent in this place.
 B = Non-inter-level travel time spent in this place.
 C = Inter-level travel time spent in this place.
 D = Time resting spent in this place.
 E = Time spent auto-exploring this place.
 F = Levels seen in this place.
 G = Mean time per level.
                   A        B        C        D        E       F      G
               +--------+--------+--------+--------+--------+-----+--------+
         Total |    210 |    210 |      0 |      0 |      0 |   1 |  210.0 |
       Dungeon |    210 |    210 |      0 |      0 |      0 |   1 |  210.0 |
               +--------+--------+--------+--------+--------+-----+--------+

Top non-repeatable levels by time:
     D:1: 210 daAuts
